Map: [TLMC13] Eternal Empire

Players

Tassad - Winner!

  • Race: Protoss Protoss
  • League: Diamond
  • Spawn Location: 7:00

Player 2

  • Race: Zerg Zerg
  • Spawn Location: 1:00

VOD

Have the link to the VOD?

Description

Time

  • Played on: Nov. 24, 2019, 11:09 a.m.
  • Length: 14:32
Show
View Real Time Build Order
Export as new Build Order

Tassad Protoss - Winner!

Build Orders: 1 Gate Expand, Oracle Opening, Carriers 

Get SALT Encoding   

  12  0:01  Probe  
  13  0:13  Probe  
  14  0:23  Pylon  
  14  0:25  Probe  
  15  0:41  Probe  
  16  0:48  Gateway  
  16  0:50  Probe  
  16  0:55  Assimilator  
  17  0:58  Probe  
  18  1:07  Probe  
  19  1:15  Probe  
  19  1:23  Probe  
  21  1:32  Nexus  
  21  1:41  Cybernetics Core  
  20  1:49  Pylon  
  20  1:55  Assimilator  
  20  1:58  Probe  
  21  2:02  Zealot  
  21  2:06  Probe  
  23  2:14  Probe  
  25  2:22  Stargate  
  25  2:32  Gateway  
  25  2:40  Adept  
  25  2:41  Warp Gate  
  28  2:44  Probe x2  
  29  2:52  Probe  
  29  2:56  Probe  
  31  3:00  Probe  
  32  3:08  Probe  
  32  3:10  Oracle  
  36  3:20  Probe x2  
  38  3:27  Adept x2  
  38  3:32  Probe x2  
  44  3:36  Pylon  
  44  3:44  Probe x2, Pylon  
  46  3:53  Void Ray  
  46  3:54  Probe  
  50  3:57  Probe  
  50  4:02  Probe  
  53  4:23  Probe  
  54  4:28  Assimilator  
  54  4:30  Probe  
  55  4:33  Nexus  
  55  4:36  Pylon  
  55  4:42  Probe  
  55  4:43  Fleet Beacon  
  56  4:46  Twilight Council  
  56  4:52  Probe  
  56  4:54  Probe, Void Ray  
  58  5:02  Probe  
  58  5:03  Assimilator  
  63  5:10  Probe, Forge  
  63  5:17  Cybernetics Core  
  64  5:22  Gateway  
  64  5:24  Pylon  
  64  5:28  Carrier  
  64  5:38  Probe  
  64  5:42  Probe  
  72  5:46  Probe  
  72  5:48  Probe  
  72  5:54  Probe  
  72  5:56  Probe  
  75  5:58  Probe  
  75  6:01  Protoss Air Weapons Level 1  
  77  6:07  Assimilator  
  77  6:11  Assimilator  
  77  6:14  Templar Archives  
  77  6:15  Charge  
  77  6:19  Zealot x2  
  77  6:20  Probe  
  77  6:22  Zealot  
  77  6:24  Probe  
  77  6:25  Probe  
  86  6:28  Probe  
  87  6:36  Probe  
  87  6:37  Probe x2  
  89  6:40  Psionic Storm  
  89  6:41  Carrier  
  89  6:43  Pylon  
  89  6:44  Pylon  
  90  6:49  Probe  
  91  6:55  Probe x2  
  91  7:01  Probe  
  100  7:07  Probe x2  
  102  7:08  High Templar x2  
  102  7:10  Zealot  
  108  7:17  Pylon  
  108  7:18  Pylon  
  108  7:20  Pylon  
  108  7:31  Protoss Shields Level 1  
  108  7:38  Protoss Air Armor Level 1  
  108  7:39  Carrier  
  114  7:51  Nexus  
  114  7:55  Unknown  
  114  7:57  Pylon  
  114  8:11  Probe x3  
  117  8:20  Photon Cannon  
  117  8:22  Photon Cannon  
  117  8:23  Protoss Air Weapons Level 2, Probe x3, High Templar  
  117  8:24  Photon Cannon, High Templar x2  
  117  8:25  Photon Cannon  
  126  8:28  Pylon  
  126  8:29  Carrier  
  126  8:42  Gateway  
  132  8:49  Mothership, Gateway  
  132  8:50  Gateway  
  132  8:55  Robotics Facility  
  132  8:57  Probe x3  
  135  9:09  Probe x3  
  146  9:19  High Templar  
  146  9:21  Probe x2  
  146  9:22  High Templar  
  146  9:24  Carrier  
  158  9:40  Pylon  
  158  9:42  Pylon  
  158  9:43  Pylon  
  158  9:44  Warp Prism  
  160  9:46  Pylon  
  160  9:48  Pylon  
  160  9:51  Gateway  
  160  9:52  Protoss Shields Level 2  
  160  9:53  Gateway  
  160  9:57  Gateway  
  160  9:59  Gateway  
  160  10:02  Protoss Air Armor Level 2  
  160  10:05  Gateway  
  160  10:07  High Templar  
  162  10:13  High Templar  
  164  10:16  Observer, Archon  
  164  10:19  Archon  
  165  10:23  High Templar  
  165  10:25  High Templar  
  169  10:30  Carrier  
  169  10:32  Observer  
  176  10:46  Nexus  
  176  10:48  Assimilator  
  176  10:52  Assimilator  
  176  10:57  Pylon  
  176  10:58  Pylon  
  176  11:00  Pylon  
  176  11:02  Pylon  
  176  11:07  Protoss Air Weapons Level 3  
  176  11:21  Photon Cannon  
  176  11:22  Photon Cannon  
  176  11:24  Photon Cannon  
  176  11:25  Stargate  
  176  11:28  Stargate, Carrier  
  176  11:30  Stargate  
  176  11:32  Pylon  
  182  11:43  High Templar x3  
  188  11:49  Archon x2  
  188  12:01  Void Ray  
  188  12:02  Void Ray  
  188  12:04  Void Ray  
  200  12:40  Stargate  
  200  12:42  Stargate  
  200  12:44  Stargate  
  200  12:47  Stargate  
  200  12:55  Pylon  
  200  12:57  Pylon  
  200  13:05  Robotics Facility  
  200  13:07  Robotics Bay  
Show
View Real Time Build Order
Export as new Build Order

Player 2 Zerg 

Build Orders: Pool First 

Get SALT Encoding   

  12  0:01  Drone  
  13  0:12  Overlord  
  13  0:16  Drone  
  14  0:36  Spawning Pool  
  14  0:39  Extractor, Drone  
  13  0:47  Drone  
  14  0:53  Overlord  
  14  1:23  Zergling x2, Queen  
  17  1:31  Roach Warren  
  16  1:32  Extractor  
  16  1:38  Drone  
  16  1:42  Zergling x2  
  16  1:45  Drone  
  18  1:59  Drone  
  18  2:00  Zergling x2  
  20  2:10  Drone  
  21  2:21  Drone  
  22  2:30  Drone  
  22  2:32  Overlord  
  23  2:38  Drone  
  24  2:45  Drone  
  25  5:46  Roach, Drone  
  25  5:47  Lair  
  28  5:53  Drone  
  29  6:00  Drone  
  29  6:02  Overlord  
  30  6:07  Drone  
  31  6:15  Drone  
  32  6:22  Drone  
  30  6:28  Ravager, Zergling x2  
  32  6:47  Overseer x2  
  32  7:10  Roach  
  32  7:14  Hatchery  
  33  8:26  Drone  
  34  8:33  Drone  
  35  8:35  Extractor  
  35  8:36  Extractor  
  35  8:40  Drone  
  34  8:47  Drone  
  35  8:54  Drone  
  36  9:02  Drone  
  37  9:05  Overseer, Overlord  
  37  9:09  Drone  
  38  9:16  Drone  
  39  9:23  Drone  
  40  9:30  Drone  
  41  9:37  Drone  
  42  9:45  Drone  
  43  9:52  Drone  
  44  9:59  Drone  
  45  10:00  Overlord  
  45  10:06  Drone  
  46  10:13  Drone  
  47  10:20  Drone  
  48  11:05  Pneumatized Carapace  
  48  11:06  Zergling x2, Overseer, Overlord  
  48  11:07  Spire  
  48  11:09  Drone  
  49  11:24  Zergling x2  
  44  12:21  Mutalisk  
  46  12:39  Mutalisk  
  48  12:57  Mutalisk  
  50  13:47  Zergling x2  
  50  13:48  Overseer, Overlord  
  51  13:51  Overseer  
  51  13:55  Overlord  
  51  13:59  Overseer  
  51  14:02  Drone  
  31  14:07  Overseer  
  31  14:09  Drone  
  27  14:14  Overlord  
  27  14:17  Drone  
Tags
 
Add a new tag
Caveats
  • Supply blocks, unpowered buildings, or Contaminate may cause inaccurate times.
  • Supply counts are checked every 10 seconds.